 Dungeon Crawl Stone Soup version 0.30.1-11-g7821555f0a (webtiles) character file.

Game seed: 8739710992943422109

100 CrazyMind the Covered (level 4, -3/40 HPs)
             Began as an Armataur Fighter on Oct 28, 2023.
             Was an Initiate of Nemelex Xobeh.
             Killed from afar by Natasha (6 damage)
             ... with a magic dart
             ... on level 2 of the Dungeon.
             The game lasted 00:06:29 (1238 turns).

CrazyMind the Covered (Armataur Fighter)            Turns: 1238, Time: 00:06:31

Health: -3/40      AC:  8    Str: 24    XL:     4   Next: 47%
Magic:  4/4        EV:  7    Int:  8    God:    Nemelex Xobeh [......]
Gold:   138        SH:  4    Dex:  9    Spells: 3/3 levels left

rFire   . . .        a - +0 war axe
rCold   . . .        c - +0 buckler
rNeg    . . .        b - +0 scale mail
rPois   .            (no helmet)
rElec   .            (no cloak)
rCorr   .            i - +0 pair of gloves
SInv    +            (no barding)
Will    .....        (no amulet) Stlth
                     e - ring of see invisible
HPRegen 0.26/turn    (no ring)
MPRegen 0.09/turn

%: roll
@: slowed, very slow
A: large, rugged brown scales 3, deformed body, armoured tail, roll, long
tongue, awkward tongue
a: Renounce Religion, Draw Escape, Draw Destruction, Draw Summoning


You were on level 2 of the Dungeon.
You worshipped Nemelex Xobeh.
Nemelex Xobeh was noncommittal.
You visited 1 branch of the dungeon, and saw 2 of its levels.

You collected 138 gold pieces.

Inventory:

Hand Weapons
 a - a +0 war axe (weapon)
Armour
 b - a +0 scale mail (worn)
 c - a +0 buckler (worn)
 i - a +0 pair of gloves (worn)
Jewellery
 e - a ring of see invisible (left hand)
Scrolls
 f - a scroll of brand weapon {unknown}
 k - 2 scrolls of teleportation {unknown}
 l - 2 scrolls of identify {unknown}
 o - a scroll of enchant weapon {unknown}
Potions
 d - a potion of might
 g - a potion of flight {unknown}
 h - a potion of heal wounds {unknown}
 j - a potion of haste {unknown}
 m - a potion of brilliance {unknown}
 p - a potion of magic {unknown}


   Skills:
 + Level 3.1 Fighting
 * Level 3.0 Axes
 + Level 4.1 Armour
 + Level 0.2 Dodging
 + Level 3.7 Shields


You had 3 spell levels left.
You didn't know any spells.
Your spell library was empty.

Dungeon Overview and Level Annotations

Branches:
Dungeon (2/15) Zot: 10682

Altars:
Nemelex Xobeh

Annotations:
D:2 Natasha


Innate Abilities, Weirdness & Mutations

You are completely covered in rugged brown scales. (AC +3, +7% HP)
Armour fits poorly on your strangely shaped body.
You have a long armoured tail.
You roll when moving toward enemies. (Rampage)
Your long tongue fully drains potion bottles. (2x potion effects)
Your tongue gives you trouble enunciating. (1.5x scroll delay)


Message History

You block the cerulean imp's attack. Natasha claws you.
The cerulean imp hits you from afar with a +2 spear.
Natasha claws you but does no damage.
You hit Natasha but do no damage.
Natasha is moderately wounded.
The cerulean imp hits you from afar with a +2 spear.
Natasha claws you!
* * * LOW HITPOINT WARNING * * *
The cerulean imp barely misses you. Natasha casts a spell at you.
You feel as though you will be slow longer.
You feel better.
You slurp down every last drop of the potion of curing!
The cerulean imp hits you but does no damage.
Natasha claws you!
The cerulean imp hits you from afar with a +2 spear.
You slash Natasha!
Your tail-slap misses Natasha.
Natasha is almost dead.
Natasha mumbles some strange words.
Natasha glows brightly for a moment.
Natasha claws you.
* * * LOW HITPOINT WARNING * * *
The cerulean imp hits you but does no damage.
Natasha claws you.
* * * LOW HITPOINT WARNING * * *
The cerulean imp hits you from afar with a +2 spear.
* * * LOW HITPOINT WARNING * * *
You closely miss Natasha.
Natasha is almost dead.
The cerulean imp disappears in a puff of smoke!
Natasha stares at you and mumbles some strange words.
You resist with some effort. Natasha claws you!
* * * LOW HITPOINT WARNING * * *
You closely miss Natasha.
Natasha is almost dead.
You block Natasha's attack. Natasha casts a spell at you.
The magic dart hits you.
You die...
Your body disappears without a glow.

#.......#### #)# #..........###.#
####.#......##.# ###........##.#
##......._..##.#
#####...........##.#
................##.#
#.....##..[..h....#
#.#...#.....#@##### ##
#.#......#..#.# #.
#.##........#.########### #.
####.......................#####.
.....###......##.#####...........
####.# ##...####.# #.#...#####.
.....# #...# #.# #...### #.
..##.# #...# #.# ##..# #####. #)
#.####...####.# #..# #...[.


You could see Natasha.

Vanquished Creatures
  Natasha (twice) (D:2)
  An adder (D:2)
  3 dart slugs
  4 bats
  An endoplasm (D:2)
  A giant cockroach (D:2)
  5 goblins
  5 hobgoblins
  A ball python (D:2)
  4 frilled lizards (D:1)
  4 kobolds
  8 rats
39 creatures vanquished.

Notes
Turn   | Place    | Note
-------+----------+-------------------------------------------
     0 | D:1      | CrazyMind the Armataur Fighter began the quest for the Orb.
     0 | D:1      | Reached XP level 1. HP: 19/19 MP: 1/1
    66 | D:1      | Reached XP level 2. HP: 26/26 MP: 2/2
   110 | D:1      | Reached skill level 4 in Armour
   632 | D:2      | Reached XP level 3. HP: 33/33 MP: 3/3
   634 | D:2      | Noticed Natasha
   642 | D:2      | Killed Natasha
   846 | D:2      | Reached XP level 4. HP: 28/40 MP: 4/4
  1033 | D:2      | Found a sparkling altar of Nemelex Xobeh.
  1041 | D:2      | Became a worshipper of Nemelex Xobeh the Trickster
  1068 | D:2      | Noticed Natasha
  1077 | D:2      | Killed Natasha
  1222 | D:2      | Noticed Natasha
  1237 | D:2      | HP: 2/40 [Natasha (8)]
  1238 | D:2      | Killed from afar by Natasha

Illustrated notes

Levels and vault maps discovered:
D:1:      psy_arrival_statuary, layout_basic
D:2:      layout_loops_cross, basic_altar, uniq_natasha

Skill      XL: |  1  2  3  4 |
---------------+-------------+-----
Armour         | 4 |  4.1
Fighting       | 3 |  3.1
Axes           | 2 3 |  3.0
Dodging        | |  0.2
Shields        | |  3.7

Action                     |  1- 3 |  4- 6 || total
---------------------------+-------+-------++-------
  Melee: War axe           |   103 |    27 ||   130
         Tailslap          |     7 |       ||     7
    Use: Potion            |       |     2 ||     2
 Armour: Scale mail        |    63 |    19 ||    82
  Dodge: Dodged            |    33 |     6 ||    39
  Block: Buckler           |    21 |     8 ||    29
